 Dungeon Crawl Stone Soup version 0.31-a0-844-gdc52ec4e09 (webtiles) character file.

Game seed: 6624100947410787131

80 thriggle the Sneak (level 4, -4/38 HPs)
             Began as a Naga Fire Elementalist on Sept 29, 2023.
             Slain by a gnoll
             ... wielding a +0 flail
              (14 damage)
             ... on level 2 of the Dungeon.
             The game lasted 00:04:18 (1073 turns).

thriggle the Sneak (Naga Fire Elementalist)         Turns: 1073, Time: 00:04:18

Health: -4/38      AC:  2    Str: 10    XL:     4   Next: 39%
Magic:  1/7        EV: 10    Int: 17    God:
Gold:   37         SH:  0    Dex: 12    Spells: 4/7 levels left

rFire   . . .        e - +0 spear
rCold   . . .        (no shield)
rNeg    . . .        a - +0 robe
rPois   +            (no helmet)
rElec   .            (no cloak)
rCorr   .            (no gloves)
SInv    +            (no barding)
Will    .....        (no amulet)
Stlth   ++           (no ring)
HPRegen 0.26/turn    (no ring)
MPRegen 0.10/turn

%: no passive effects
@: very slow
A: AC +1, large, see invisible, deformed body, poison resistance, slowness 2,
spit poison 1, naga tail 1
a: Spit Poison


You were on level 2 of the Dungeon.
You visited 1 branch of the dungeon, and saw 2 of its levels.

You collected 37 gold pieces.

Inventory:

Hand Weapons
 e - a +0 spear (weapon)
 j - a +5 dagger of distortion
 l - a +0 falchion of holy wrath
Missiles
 f - 23 stones
 i - 4 poisoned darts
Armour
 a - a +0 robe (worn)
 n - a +0 kite shield
Scrolls
 k - a scroll of fog
 m - a scroll of immolation
 o - a scroll of enchant armour {unknown}
Potions
 b - a potion of magic
 c - a potion of heal wounds
 g - a potion of mutation {unknown}
 h - a potion of attraction {unknown}


   Skills:
 + Level 1.2 Fighting
 + Level 1.2 Polearms
 + Level 2.0 Dodging
 + Level 3.6 Stealth
 + Level 0.2 Shields
 + Level 2.3 Spellcasting
 + Level 1.7 Conjurations
 + Level 3.3 Fire Magic


You had 4 spell levels left.
You knew the following spells:

 Your Spells              Type           Power      Damage    Failure   Level
a - Foxfire               Conj/Fire      40%        2x1d6     7%          1
b - Scorch                Fire           26%        2d6       7%          2

Your spell library contained the following spells:

 Spells                   Type           Power      Damage    Failure   Level
 Cigotuvi's Dreadful Rot  Necr/Pois/Air  2%         N/A       28%         2
 Ensorcelled Hibernation  Hex/Ice        2%         N/A       28%         2
 Passwall                 Tmut/Erth      0%         N/A       28%         2
 Inner Flame              Hex/Fire       7%         N/A       28%         3
 Volatile Blastmotes      Fire/Tloc      14%        2d11      28%         3
 Swiftness                Air            1%         N/A       50%         3
 Flame Wave               Conj/Fire      10%        2d6       54%         4
 Dispel Undead            Necr           1%         3d6       88%         4
 Death Channel            Necr           0%         N/A       100%        6


Dungeon Overview and Level Annotations

Branches:
Dungeon (2/15)

Altars:

Shops:
D:1 [


Innate Abilities, Weirdness & Mutations

Your serpentine skin is tough. (AC +1)
You have supernaturally acute eyesight. (SInv)
Armour fits poorly on your strangely shaped body.
Your system is resistant to poisons. (rPois)
You cover ground very slowly.
You can spit poison.
You have a snake-like lower body.


Message History

The gnoll hits you from afar with a +0 spear!
The foxfire hits the gnoll.
The gnoll is moderately wounded.
The foxfire hits the gnoll.
The gnoll is heavily wounded.
The gnoll hits you from afar with a +0 spear.
Casting: Foxfire (safe; 7% risk of failure)
Confirm with . or Enter, or press ? or * to list all spells.
You conjure some foxfire!
The gnoll barely misses you.
The foxfire hits the gnoll.
The gnoll is severely wounded.
The foxfire hits the gnoll but does no damage.
The gnoll is severely wounded.
The gnoll barely misses you.
Casting: Foxfire (safe; 7% risk of failure)
Confirm with . or Enter, or press ? or * to list all spells.
You conjure some foxfire!
The gnoll barely misses you.
The foxfire hits the gnoll but does no damage.
The gnoll is severely wounded.
The gnoll closely misses you.
Casting: Foxfire (safe; 7% risk of failure)
Confirm with . or Enter, or press ? or * to list all spells.
Flames lash the gnoll.
You kill the gnoll!
The foxfire hits the gnoll.
The gnoll is moderately wounded.
Your Dodging skill increases to level 2!
Casting: Scorch (safe; 7% risk of failure)
Confirm with . or Enter, or press ? or * to list all spells.
You don't have enough magic to cast this spell.
The gnoll misses you.
You hit the gnoll.
The gnoll is lightly wounded.
The gnoll hits you with a +0 flail!
* * * LOW HITPOINT WARNING * * *
The gnoll barely misses you.
You hit the gnoll.
The gnoll is moderately wounded.
The gnoll barely misses you. The gnoll hits you with a +0 flail!
You die...

#g #.#.#)#.#.###. .
##..........#$ #. .##
##.......#... #.# ..#
#...........# #.# #.#
###..>....#.## #.# #.#
#............. ######.##
#.##..#.......#..# #.......#
#g##.#...........#
#.......####@g..##.#.#.#.#<##
#.............########.....#
#..........##.# #.#...#
#.......##.##.########...#.#
#.......##...........#.....#
#.......#####.....#.....###..
#.......# #####...#........
######†## #...##..####.# #†#
###.#.#...#....#


You could see 2 gnolls.

Vanquished Creatures
  Jessica (D:2)
  A gnoll (D:2)
  A worm (D:2)
  A dart slug (D:1)
  7 ball pythons
  2 bats (D:2)
  3 endoplasms (D:1)
  A giant cockroach (D:2)
  2 goblins
  4 hobgoblins
  3 kobolds (D:1)
  3 quokkas (D:2)
  3 frilled lizards
  6 rats
38 creatures vanquished.

Vanquished Creatures (others)
  33 foxfires
33 creatures vanquished.

Grand Total: 71 creatures vanquished

Notes
Turn   | Place    | Note
-------+----------+-------------------------------------------
     0 | D:1      | thriggle the Naga Fire Elementalist began the quest for the
                  | Orb.
     0 | D:1      | Reached XP level 1. HP: 15/15 MP: 3/3
   100 | D:1      | Reached XP level 2. HP: 15/22 MP: 3/5
   189 | D:1      | Found Cerut's Antique Armour Emporium.
   458 | D:1      | Reached XP level 3. HP: 18/30 MP: 6/6
   479 | D:1      | Learned a level 2 spell: Scorch
   725 | D:2      | Noticed Jessica
   741 | D:2      | Killed Jessica
   742 | D:2      | Reached skill level 1 in Fighting
   742 | D:2      | Reached skill level 1 in Polearms
   742 | D:2      | Reached XP level 4. HP: 31/38 MP: 1/7
  1073 | D:2      | Slain by a gnoll

Illustrated notes

Levels and vault maps discovered:
D:1:      arrival_zaba_pyramid, layout_rooms, serial_shops, shop
D:2:      layout_rooms, st_stairs_4, uniq_sigmund, uniq_jessica, uniq_terence

Skill      XL: |  1  2  3  4 |
---------------+-------------+-----
Fighting       | 1 |  1.2
Polearms       | 1 |  1.2
Dodging        | 2 |  2.0
Stealth        | |  3.6
Shields        | |  0.2
Spellcasting   | |  2.3
Conjurations   | |  1.7
Fire Magic     | |  3.3

Action                     |  1- 3 |  4- 6 || total
---------------------------+-------+-------++-------
  Melee: Unarmed           |     7 |       ||     7
         Spear             |    58 |    36 ||    94
   Cast: Foxfire           |    16 |     4 ||    20
         Scorch            |     1 |     4 ||     5
    Use: Scroll            |       |     3 ||     3
   Stab: Sleeping          |     2 |       ||     2
 Armour: Robe              |    38 |    21 ||    59
  Dodge: Dodged            |    38 |    21 ||    59

Table legend: (Time is in decaauts)
 A = Elapsed time spent in this place.
 B = Non-inter-level travel time spent in this place.
 C = Inter-level travel time spent in this place.
 D = Time resting spent in this place.
 E = Time spent auto-exploring this place.
 F = Levels seen in this place.
 G = Mean time per level.
                   A        B        C        D        E       F      G
               +--------+--------+--------+--------+--------+-----+--------+
         Total |   1318 |   1296 |     22 |     41 |    798 |   2 |  659.0 |
       Dungeon |   1318 |   1296 |     22 |     41 |    798 |   2 |  659.0 |
               +--------+--------+--------+--------+--------+-----+--------+

Top non-repeatable levels by time:
     D:1: 900 daAuts
     D:2: 417 daAuts
